AoeStats
← So sad

African Clearing

505079272Analyzed
3v3 RM · 25d ago on Sep 7, 2026· 56m 17s· 6 players
Game mode
Random Map
Map size
Normal (6 player)
Population
200
Speed
Normal
Resources
Standard
Victory
Conquest
Starting age
Dark Age
Ending age
Imperial Age
RankedLock teamsTeams togetherTeam positionsShared explorationLock speedFull tech treeHidden civsTurbo modeCheats
Victory
Defeat
🇺🇦 Khitans · Ukraine
1323
+15
🇧🇾 Romans · Belarus
1320
+15
🇧🇾 Goths · Belarus
1313
+15
🇩🇪 Burgundians · Germany
1316
-16
🇩🇪 Britons · Germany
1313
-16
🇩🇪 Dravidians · Germany
1259
-13
Cornelius2
5:53 Loom
12:54 Feudal Age
17:58 Castle Age
17:41 Fletching
18:17 Crossbowman
25:42 Wheelbarrow
32:35 Bodkin Arrow
37:44 Ballistics
47:53 Imperial Age
49:15 Bracer
50:23 Chemistry
49:45 Arbalester
Rec
9:22 Loom
14:23 Feudal Age
15:30 Double-Bit Axe
16:28 Fletching
17:19 Padded Archer Armor
28:55 Castle Age
29:32 Crossbowman
40:29 Elite Skirmisher
42:03 Ballistics
42:14 Bodkin Arrow
47:22 Husbandry
47:51 Thumb Ring
47:54 Scale Barding Armor
48:48 Forging
50:29 Leather Archer Armor
Govenor
9:20 Double-Bit Axe
15:16 Feudal Age
17:26 Loom
20:17 Castle Age
19:17 Bow Saw
21:40 Scale Barding Armor
23:36 Wheelbarrow
28:05 Cavalier
29:57 Horse Collar
33:11 Chain Barding Armor
33:40 Hand Cart
37:33 Gold Mining
39:06 Husbandry
43:17 Imperial Age
41:47 Forging
44:41 Plate Barding Armor
43:27 Paladin
45:58 Iron Casting
45:18 Town Watch
46:11 Coinage
46:05 Heavy Plow
47:41 Two-Man Saw
47:16 Crop Rotation
48:11 Blast Furnace
48:47 Banking
49:23 Light Cavalry
51:30 Hussar
55:11 Chemistry
55:39 Padded Archer Armor
NiL
6:10 Loom
12:34 Feudal Age
14:30 Double-Bit Axe
14:48 Fletching
15:10 Forging
16:06 Scale Barding Armor
25:06 Castle Age
26:07 Chain Barding Armor
26:12 Light Cavalry
26:54 Husbandry
30:49 Domestication
34:33 Wheelbarrow
33:44 Town Watch
36:21 Town Watch
37:22 Iron Casting
41:01 Fletching
45:35 Hand Cart
48:29 Imperial Age
46:54 Bow Saw
48:42 Elite Steppe Lancer
50:29 Plate Barding Armor
52:45 Ballistics
53:25 Chemistry
52:36 Masonry
52:29 Bodkin Arrow
52:34 Padded Archer Armor
HURMA
12:36 Feudal Age
13:05 Man-at-Arms
14:11 Scale Mail Armor
14:22 Forging
14:13 Loom
16:46 Double-Bit Axe
20:43 Wheelbarrow
24:07 Castle Age
22:00 Horse Collar
24:27 Town Watch
24:56 Padded Archer Armor
24:47 Fletching
24:36 Long Swordsman
25:45 Hand Cart
27:14 Bow Saw
27:41 Chain Mail Armor
30:51 Squires
32:28 Heavy Plow
33:01 Gold Mining
35:06 Bodkin Arrow
39:52 Pikeman
41:59 Stone Mining
42:44 Gold Shaft Mining
42:29 Ballistas
46:10 Imperial Age
45:12 Ballistics
45:32 Iron Casting
45:13 Leather Archer Armor
45:35 Masonry
46:21 Halberdier
46:44 Legionary
49:29 Blast Furnace
48:59 Conscription
50:05 Architecture
51:30 Comitatenses
51:46 Heavy Scorpion
52:37 Siege Engineers
55:24 Chemistry
55:23 Murder Holes
56:18 Fortified Wall
So sad
11:55 Loom
14:23 Feudal Age
15:12 Town Watch
16:11 Double-Bit Axe
18:36 Castle Age
20:12 Scale Mail Armor
20:14 Stone Mining
23:57 Bow Saw
23:11 Pikeman
23:54 Squires
23:54 Pikeman
26:11 Chain Mail Armor
34:56 Forging
35:41 Anarchy
35:49 Horse Collar
38:33 Heavy Plow
41:52 Iron Casting
41:21 Gold Mining
42:06 Stone Shaft Mining
42:21 Wheelbarrow
45:04 Hand Cart
48:51 Imperial Age
46:26 Town Patrol
46:23 Fletching
50:37 Blast Furnace
49:33 Elite Huskarl
51:28 Crop Rotation
51:10 Bodkin Arrow
52:00 Conscription
54:55 Perfusion
56:07 Two-Man Saw
55:50 Coinage
56:04 Masonry
Connection lost

Rejoining the realm…

Still unreachable

The connection could not be restored.

Session expired

The server has moved on; the page needs a fresh start.